 Dungeon Crawl Stone Soup version 0.25-a0-663-gace7076f2c (webtiles) character file.

Game seed: 1154684497441313325, levelgen mode: deterministic

384 jt the Chiller (level 6, -1/32 HPs)
             Began as a Deep Elf Ice Elementalist on Mar 24, 2020.
             Killed from afar by an orc wizard (8 damage)
             ... with a puff of frost
             ... on level 3 of the Dungeon.
             The game lasted 00:11:35 (2506 turns).

jt the Chiller (Deep Elf Ice Elementalist)          Turns: 2506, Time: 00:11:36

Health: -1/32      AC:  3    Str:  6    XL:     6   Next: 47%
Magic:  15/17      EV: 12    Int: 21    God:
Gold:   52         SH:  4    Dex: 15    Spells: 13/17 levels left

rFire    . . .     SeeInvis .   t - +0 spear
rCold    . . .     Gourm    .   o - +0 buckler
rNeg     . . .     Faith    .   i - +0 robe
rPois    .         Spirit   .   (no helmet)
rElec    .         Reflect  .   (no cloak)
rCorr    .         Harm     .   r - +0 pair of gloves
MR       .....                  (no boots)
Stlth    ++........             (no amulet)
HPRegen  0.10/turn              (no ring)
MPRegen  0.15/turn              (no ring)

@: frozen ramparts
A: no striking features
a: no special abilities


You were on level 3 of the Dungeon.
You were not hungry.

You visited 1 branch of the dungeon, and saw 3 of its levels.

You collected 52 gold pieces.

Inventory:

Hand Weapons
 a - a +0 short sword
 e - a +0 club
 p - a +0 scythe
 t - a +0 spear (weapon)
Missiles
 b - 104 stones (quivered)
 h - 39 sling bullets
 s - 22 poisoned darts
 w - 3 boomerangs
Armour
 i - a +0 robe (worn)
 o - a +0 buckler (worn)
 r - a +0 pair of gloves (worn)
 x - a +0 scale mail of magic resistance
Jewellery
 l - an uncursed amulet of faith {unknown}
 q - an uncursed ring of wizardry {unknown}
Scrolls
 f - 4 scrolls of identify {unknown}
 k - a scroll of random uselessness {unknown}
 m - a scroll of teleportation {unknown}
 n - a scroll of amnesia {unknown}
 y - a scroll of fog {unknown}
Potions
 d - 3 potions of curing {unknown}
 g - a potion of stabbing {unknown}
 j - 3 potions of haste {unknown}
 u - 2 potions of degeneration {unknown}
Comestibles
 c - 4 rations
 v - 2 chunks of flesh


   Skills:
 - Level 2.4 Dodging
 - Level 2.4 Stealth
 + Level 2.4 Shields
 + Level 6.1 Spellcasting
 + Level 6.3 Ice Magic


You had 13 spell levels left.
You knew the following spells:

 Your Spells              Type           Power        Failure   Level  Hunger
a - Freeze                Ice            ####         1%          1    None
b - Frozen Ramparts       Ice            ####..       2%          3    ##.....

Your spell library contained the following spells:

 Spells                   Type           Power        Failure   Level  Hunger
 Ozocubu's Armour         Chrm/Ice       ###.....     10%         3    ##.....
 Hailstorm                Conj/Ice       ###.....     30%         4    ####...
 Summon Ice Beast         Ice/Summ       ###.....     30%         4    ####...


Dungeon Overview and Level Annotations

Branches:
Dungeon (3/15)

Altars:
Dithmenos


Message History

a +0 ring mail; a cursed -2 short sword You see here a +0 flail.
There is a stone staircase leading up here.
Things that are here:
a +0 whip; a +0 halberd You start resting.
The orc wizard is too close now for your liking.
Throwing (i - inventory. (/) - cycle)
b - 105 stones (quivered)
Press: ? - help, Shift-Dir - straight line, f - orc wizard
Aim: an orc wizard, wielding a +0 dagger and wearing a +0 robe You throw a stone.
The stone hits the orc wizard but does no damage.
The wall freezes the orc wizard.
The orc wizard casts a spell at you. The puff of frost hits you!
* * * LOW HITPOINT WARNING * * *
The wall freezes the orc wizard!
The orc wizard casts a spell at you. The puff of frost hits you!
You die...

.#.?...........o.....#..#.#.##...
##....(....÷...................##
##....#).÷.....>..########....###
.#....##.[........# #.......
.#.... ##.........########..#####
.##### ##.)#######.........# #
.###### ##.## #......#.## #
......#####.o######.......># #
.####.......[[.)@..)......## .#
#########.#####.......# .#
#....##.......# ##
####.##......## #.##......# ####
#.######.## ##...
################......).# ##....
..>.....................####<÷...
##############.........÷...#.....


You could see an orc wizard.

Vanquished Creatures
  Sigmund (D:2)
  2 orc priests (D:3)
  4 gnolls (D:3)
  3 adders
  2 oozes
  A worm (D:3)
  3 dart slugs
  3 leopard geckos
  11 orcs (D:3)
  3 ball pythons
  2 giant cockroaches
  11 hobgoblins
  9 kobolds
  7 bats
  4 frilled lizards
  2 goblins
  17 rats
85 creatures vanquished.

Notes
Turn   | Place    | Note
-------+----------+-------------------------------------------
     0 | D:1      | jt the Deep Elf Ice Elementalist began the quest for the
                  | Orb.
     0 | D:1      | Reached XP level 1. HP: 10/10 MP: 6/6
   338 | D:1      | Reached XP level 2. HP: 15/15 MP: 5/8
   671 | D:1      | Reached XP level 3. HP: 19/19 MP: 7/10
   676 | D:1      | Learned a level 3 spell: Frozen Ramparts
   829 | D:2      | Reached skill level 5 in Ice Magic
  1209 | D:2      | Noticed Sigmund
  1216 | D:2      | Killed Sigmund
  1216 | D:2      | Reached skill level 1 in Shields
  1216 | D:2      | Reached skill level 5 in Spellcasting
  1216 | D:2      | Reached XP level 4. HP: 24/24 MP: 8/13
  1216 | D:2      | Reached XP level 5. HP: 28/28 MP: 8/14
  1438 | D:2      | Found a shadowy altar of Dithmenos.
  1841 | D:3      | Reached XP level 6. HP: 32/32 MP: 9/16
  2506 | D:3      | Killed from afar by an orc wizard

Levels and vault maps discovered:
D:1:      roderic_crop_circles_arrival_small, layout_basic
D:2:      layout_basic, lemuel_doored_altar, uniq_sigmund
D:3:      layout_rooms

Skill      XL: |  1  2  3  4  5  6 |
---------------+-------------------+-----
Spellcasting   | 4 5 6 |  6.1
Ice Magic      | 5 6 |  6.3
Shields        | 1 2 |  2.4
Dodging        | |  2.4
Stealth        | |  2.4

Action                   |  1- 3 |  4- 6 || total
-------------------------+-------+-------++-------
Melee: Short sword       |    14 |     5 ||    19
       Spear             |       |    35 ||    35
Throw: Stone             |    14 |     2 ||    16
 Cast: Freeze            |    39 |     6 ||    45
       Frozen Ramparts   |     5 |    21 ||    26
 Stab: Sleeping          |     2 |     2 ||     4
  Eat: Chunk             |     1 |     5 ||     6
Armor: Robe              |     2 |    10 ||    12
Dodge: Dodged            |    27 |    22 ||    49
Block: Buckler           |     2 |    11 ||    13

Table legend:
 A = Non-vault XP
 B = Vault XP
 C = Vault XP percentage of total XP
 D = Non-vault monster count
 E = Vault monster count
 F = Vault count percentage of total count
                 A         B        C        D         E       F
            +---------+---------+-------+---------+---------+-------
      Total |     337 |     212 |  38.6 |      84 |       1 |   1.2
            +---------+---------+-------+---------+---------+-------
        D:1 |      42 |       0 |   0.0 |      24 |       0 |   0.0
        D:2 |      59 |     212 |  78.2 |      24 |       1 |   4.0
        D:3 |     236 |       0 |   0.0 |      36 |       0 |   0.0
            +---------+---------+-------+---------+---------+-------
